Map: Cyber Forest LE

Players

Mez - Winner!

  • Race: Terran Terran
  • League: Master
  • Spawn Location: 11:00

Therg

  • Race: Protoss Protoss
  • League: Master
  • Spawn Location: 5:00

VOD

Have the link to the VOD?

Description

Time

  • Played on: July 31, 2019, 4:46 a.m.
  • Length: 12:21
Show
View Real Time Build Order
Export as new Build Order

Mez Terran - Winner!

Build Orders:  

Get SALT Encoding   

  12  0:00  SCV  
  13  0:13  SCV  
  14  0:17  Supply Depot  
  14  0:25  SCV  
  15  0:39  SCV  
  15  0:41  Barracks  
  16  0:46  Refinery  
  16  0:51  SCV  
  17  1:03  SCV  
  18  1:15  SCV  
  19  1:29  Reaper, Orbital Command  
  20  1:56  SCV  
  21  2:02  Command Center  
  21  2:03  Barracks Reactor  
  21  2:09  Barracks  
  21  2:17  Barracks  
  21  2:18  SCV  
  22  2:24  Supply Depot  
  22  2:30  SCV  
  23  2:45  Marine x2  
  23  2:48  SCV  
  26  2:58  Barracks Tech Lab  
  26  3:03  Marine x2  
  26  3:04  SCV  
  26  3:05  Marine  
  30  3:14  Orbital Command  
  30  3:19  Concussive Shells  
  31  3:21  Marauder  
  31  3:23  SCV  
  31  3:24  Marine x3  
  36  3:29  Supply Depot  
  36  3:37  SCV  
  37  3:42  SCV  
  37  3:43  Marine x3  
  37  3:44  Marauder  
  43  3:49  SCV  
  43  3:53  Engineering Bay  
  43  3:54  Supply Depot  
  44  4:02  Stimpack  
  44  4:09  Marine x3  
  46  4:10  SCV x2, Marine  
  50  4:20  Factory, Refinery  
  50  4:21  Refinery  
  50  4:23  Supply Depot  
  50  4:27  Marine  
  50  4:30  Missile Turret  
  51  4:35  SCV x2  
  51  4:38  Marine x3  
  56  4:47  SCV  
  57  4:53  SCV  
  57  4:56  Terran Infantry Weapons Level 1  
  57  4:57  Supply Depot  
  57  4:58  Marine x4  
  57  4:59  SCV  
  56  5:17  Marine x4  
  56  5:18  SCV x2  
  56  5:19  Factory Reactor  
  56  5:20  Starport  
  59  5:30  SCV x2  
  61  5:35  Supply Depot  
  61  5:36  Barracks Tech Lab  
  61  5:37  Marine x2, Marauder  
  65  5:43  SCV x2  
  65  5:49  Bunker  
  67  5:55  Bunker, SCV x2  
  69  6:06  Marine x2, Marauder  
  69  6:07  Marauder, Medivac x2  
  79  6:13  SCV x2, Combat Shield  
  67  6:29  Marine x4  
  66  6:36  SCV  
  67  6:43  Medivac x2  
  68  6:48  SCV  
  68  6:50  Marine x4  
  73  7:00  SCV  
  73  7:11  Orbital Command  
  73  7:12  SCV  
  65  7:24  SCV  
  65  7:25  Terran Infantry Armor Level 1  
  66  7:37  SCV  
  59  7:43  SCV  
  59  7:44  Marine x4  
  59  7:49  SCV  
  63  7:55  SCV  
  61  8:01  Marine  
  61  8:02  Marine x3  
  45  8:28  Orbital Command  
  45  8:30  SCV  
  43  8:43  SCV  
  43  8:44  Marine x4  
  47  8:51  Command Center, Medivac x2  
  47  8:54  SCV  
  52  9:02  Marine x2  
  54  9:07  Barracks  
  54  9:08  Barracks  
  54  9:09  SCV x2  
  55  9:13  Marine  
  55  9:14  Marine  
  57  9:19  Marine  
  57  9:21  SCV x2  
  60  9:24  Medivac x2  
  64  9:32  Marine, Marauder x2  
  64  9:33  SCV  
  64  9:38  SCV  
  71  9:41  Supply Depot  
  71  9:45  SCV, Marine  
  72  9:50  SCV  
  72  9:52  Marine  
  75  9:55  Barracks Reactor  
  75  9:56  Barracks Tech Lab  
  75  9:57  SCV  
  76  10:00  Marauder  
  76  10:01  Marauder  
  76  10:05  Supply Depot  
  79  10:12  Marine  
  79  10:13  SCV x2, Marine  
  80  10:21  Marine  
  80  10:26  Marine x2  
  72  10:52  Marine x3  
  72  10:54  SCV x2  
  72  10:55  Marine x2  
  72  10:56  Marine  
  74  11:14  Marine x4  
  74  11:15  Marine x3  
  74  11:16  Medivac x2  
  72  11:32  SCV x3, Marine x6  
  72  11:39  Marine  
  76  11:46  Medivac x2  
  80  11:50  Marine x4  
  80  11:53  SCV x2  
Show
View Real Time Build Order
Export as new Build Order

Therg Protoss 

Build Orders: 1 Gate Expand 

Get SALT Encoding   

  12  0:01  Probe  
  13  0:13  Probe  
  14  0:19  Pylon  
  14  0:25  Probe  
  15  0:36  Probe  
  15  0:38  Gateway  
  15  0:42  Assimilator  
  16  0:44  Probe  
  17  0:52  Probe  
  18  1:01  Probe  
  18  1:09  Probe  
  20  1:24  Nexus  
  20  1:34  Cybernetics Core  
  20  1:35  Probe  
  21  1:44  Assimilator  
  21  1:58  Probe  
  22  2:01  Pylon  
  22  2:10  Stalker, Probe  
  23  2:16  Warp Gate  
  25  2:22  Probe  
  25  2:29  Twilight Council  
  25  2:35  Probe  
  26  2:39  Probe, Adept  
  29  2:47  Probe  
  30  2:51  Probe  
  31  2:59  Robotics Facility, Probe  
  31  3:03  Probe  
  33  3:11  Probe, Charge  
  34  3:13  Probe  
  35  3:21  Probe  
  35  3:23  Probe  
  35  3:25  Gateway  
  37  3:35  Probe, Gateway  
  37  3:41  Probe  
  39  3:43  Immortal  
  39  3:49  Gateway  
  43  3:56  Probe  
  43  3:58  Probe  
  45  4:06  Pylon  
  45  4:08  Pylon  
  45  4:13  Probe, Pylon  
  46  4:18  Observer  
  46  4:24  Probe  
  46  4:27  Sentry, Warp Prism  
  46  4:28  Zealot  
  46  4:30  Probe  
  53  4:35  Pylon  
  53  4:40  Zealot  
  53  4:45  Gateway  
  57  4:50  Gateway  
  57  4:53  Gateway  
  57  4:55  Sentry  
  57  4:59  Stalker  
  61  5:08  Pylon  
  61  5:12  Pylon  
  53  5:16  Pylon  
  53  5:19  Zealot x2  
  53  5:21  Pylon  
  53  5:24  Zealot  
  55  5:30  Zealot  
  57  5:39  Sentry  
  57  5:40  Zealot, Assimilator  
  57  5:42  Zealot, Assimilator  
  61  5:44  Pylon  
  63  5:53  Probe  
  64  6:06  Zealot x2  
  64  6:07  Zealot x3  
  64  6:08  Zealot x2  
  66  6:31  Zealot x6  
  66  6:32  Zealot  
  68  6:42  Observer  
  68  6:53  Stalker x4  
  76  6:54  Zealot x2  
  80  7:13  Zealot  
  74  7:17  Zealot x2  
  74  7:18  Zealot x3  
  76  7:25  Zealot  
  78  7:36  Zealot  
  72  7:42  Zealot  
  72  7:43  Zealot x4  
  72  7:45  Zealot  
  74  8:05  Zealot x4  
  68  8:06  Zealot x2  
  70  8:14  Zealot  
  56  8:32  Zealot x2  
  56  8:33  Zealot  
  54  8:34  Warp Prism  
  54  8:35  Zealot x2  
  54  8:36  Zealot  
  58  8:49  Zealot  
  58  8:59  Nexus  
  58  9:04  Templar Archives  
  58  9:21  Zealot x3  
  58  9:23  Zealot, Sentry  
  68  9:29  Pylon  
  68  9:46  Zealot x2  
  68  9:47  Zealot x2  
  68  9:48  High Templar  
  68  9:49  High Templar  
  80  10:06  Zealot  
  82  10:10  Archon, High Templar x2  
  82  10:11  High Templar x2  
  88  10:25  Archon x2  
  88  10:27  High Templar  
  88  10:28  High Templar, Zealot  
  83  10:41  Archon  
  69  10:48  High Templar x2  
  69  10:49  High Templar x2, Zealot  
  64  10:53  Archon x2  
  54  11:04  Stalker x2  
  50  11:17  Zealot  
  46  11:20  Zealot  
  46  11:21  Zealot x3  
  50  11:27  Stalker  
  50  11:28  Stalker  
  53  11:39  Zealot  
  52  11:46  Probe x2  
  52  11:48  Probe  
  53  11:58  Probe x2  
  53  12:00  Templar Archives  
  53  12:04  Zealot  
  53  12:05  Zealot  
  49  12:13  Zealot x2  
Tags
 
Add a new tag
Caveats
  • Supply blocks, unpowered buildings, or Contaminate may cause inaccurate times.
  • Supply counts are checked every 10 seconds.